 Dungeon Crawl Stone Soup version 0.22.0-6-g71bd7aa (webtiles) character file.

665 Faca the Ruffian (level 7, -11/67 HPs)
             Began as a Troll Hunter on Aug 15, 2018.
             Mangled by an orc warrior
             ... wielding a +0 glaive
              (14 damage)
             ... on level 4 of the Dungeon.
             The game lasted 00:06:41 (2053 turns).

Faca the Ruffian (Troll Hunter)                     Turns: 2053, Time: 00:06:42

Health: -11/67     AC:  6    Str: 23    XL:     7   Next: 31%
Magic:  6/6        EV: 10    Int:  7    God:
Gold:   280        SH:  0    Dex: 10    Spells: 6/6 levels left

rFire    . . .     SeeInvis .     - Unarmed
rCold    . . .     Gourm    +   (no shield)
rNeg     . . .     Faith    .   b - +0 robe
rPois    .         Spirit   .   (helmet restricted)
rElec    .         Reflect  .   s - +0 cloak
rCorr    .         Harm     .   (gloves unavailable)
MR       .....                  (boots unavailable)
Stlth    +.........             (no amulet)
HPRegen  0.61/turn              (no ring)
MPRegen  0.10/turn              (no ring)

@: no status effects
A: large, unfitting armour, claws 3, fast metabolism 3, gourmand, regeneration
1, shaggy fur 1, tough skin 2
a: no special abilities


You were on level 4 of the Dungeon.
You were very full.

You visited 1 branch of the dungeon, and saw 4 of its levels.

You collected 280 gold pieces.

Inventory:

Missiles
 c - 5 large rocks (quivered)
 d - 2 throwing nets
Armour
 b - a +0 robe (worn)
 s - a +0 cloak (worn)
Wands
 u - a wand of flame (28)
 w - a wand of digging (1)
Scrolls
 a - 3 scrolls of enchant weapon {unknown}
 e - 2 scrolls of remove curse {unknown}
 h - 2 scrolls of teleportation {unknown}
 k - a scroll of fog {unknown}
 m - a scroll of magic mapping {unknown}
 o - 2 scrolls of enchant armour {unknown}
 p - 5 scrolls of identify {unknown}
 q - a scroll of amnesia {unknown}
 t - a scroll of blinking {unknown}
 y - a scroll of random uselessness {unknown}
Potions
 g - a potion of invisibility {unknown}
 i - a potion of flight {unknown}
 j - a potion of cancellation {unknown}
 n - a potion of degeneration {unknown}
 r - 2 potions of heal wounds {unknown}
 v - a potion of mutation {unknown}
 x - a potion of lignification {unknown}
 z - a potion of brilliance {unknown}
Comestibles
 f - 9 rations
 l - 3 chunks of flesh


   Skills:
 + Level 3.6 Fighting
 + Level 5.1 Throwing
 - Level 1.5 Dodging
 - Level 0.3 Stealth
 * Level 5.5 Unarmed Combat


You had 6 spell levels left.
You didn't know any spells.
Your spell library was empty.

Dungeon Overview and Level Annotations

Branches:
Dungeon (4/15)
 Temple: D:4-7

Altars:


Innate Abilities, Weirdness & Mutations

You are too large for most types of armour.
You have claws for hands.
Your metabolism is lightning-fast.
You like to eat raw meat.
Your natural rate of healing is unusually fast.
You are covered in fur. (AC +1)
You have very tough skin. (AC +2)


Message History

You butcher the orc corpse.
The orc warrior hits you from afar with a glaive.
You stop butchering the corpse.
The orc warrior hits you with a glaive!
You scratch the orc warrior but do no damage.
The orc warrior hits you with a glaive!!
You barely miss the orc warrior. You scratch the orc warrior.
The orc warrior is moderately wounded.
The orc warrior barely misses you. The orc misses you.
You scratch the orc warrior.
The orc warrior is moderately wounded.
The orc warrior hits you with a glaive!!
* * * LOW HITPOINT WARNING * * *
The orc barely misses you.
You scratch the orc warrior but do no damage.
The orc warrior is moderately wounded.
The orc barely misses you.
The orc warrior hits you from afar with a glaive!
You die...

###. ....... #####....#
##...###.#.. #........#
...........#####.####....
............†....####....
....$.......>..../.##....
...........###.....##...#
...........##......#....#
...........[..####...####
.......)@.##### #.###
#........## #..#
.......oo# #.##
.........> #. ##
........... #. #.
............ #. ###.
..........#.. #...
........$.#... #.##
........## ... #.#


You could see an orc warrior and an orc.

Vanquished Creatures
  Sigmund (D:3)
  A scorpion (D:4)
  An orc priest (D:4)
  Ijyb (D:4)
  Jessica (D:3)
  Natasha (twice) (D:4)
  A bullfrog skeleton (D:4)
  A worker ant (D:4)
  5 orc wizards
  7 adders
  2 dart slugs
  A leopard gecko (D:2)
  13 orcs
  A ball python (D:1)
  5 bats
  5 giant cockroaches
  4 goblins
  5 hobgoblins
  4 jackals (D:1)
  A quokka (D:4)
  6 frilled lizards
  4 kobolds
  8 rats
80 creatures vanquished.

Vanquished Creatures (others)
  An orc wizard (D:4)
1 creature vanquished.

Grand Total: 81 creatures vanquished

Notes
Turn   | Place    | Note
-------+----------+-------------------------------------------
     0 | D:1      | Faca the Troll Hunter began the quest for the Orb.
     0 | D:1      | Reached XP level 1. HP: 19/19 MP: 0/0
   270 | D:1      | Reached skill level 1 in Unarmed Combat
   275 | D:1      | Reached XP level 2. HP: 22/28 MP: 1/1
   642 | D:2      | Reached XP level 3. HP: 35/35 MP: 2/2
  1108 | D:3      | Reached XP level 4. HP: 42/42 MP: 3/3
  1324 | D:3      | Reached XP level 5. HP: 40/50 MP: 4/4
  1370 | D:3      | Noticed Sigmund
  1395 | D:3      | Killed Sigmund
  1395 | D:3      | Reached XP level 6. HP: 32/59 MP: 5/5
  1550 | D:3      | Noticed Jessica
  1558 | D:3      | Killed Jessica
  1676 | D:4      | Noticed Ijyb
  1696 | D:4      | Killed Ijyb
  1813 | D:4      | Reached skill level 5 in Unarmed Combat
  1876 | D:4      | Reached XP level 7. HP: 67/67 MP: 6/6
  1910 | D:4      | Reached skill level 5 in Throwing
  1911 | D:4      | Noticed Natasha
  1925 | D:4      | Killed Natasha
  2031 | D:4      | Noticed Natasha
  2039 | D:4      | Killed Natasha
  2051 | D:4      | HP: 2/67 [orc warrior/glaive (26)]
  2053 | D:4      | Mangled by an orc warrior

Skill      XL: |  1  2  3  4  5  6  7 |
---------------+----------------------+-----
Unarmed Combat | 1 2 3 4 5 |  5.5
Fighting       | 2 3 |  3.6
Throwing       | 4 5 |  5.1
Dodging        | |  1.5
Stealth        | |  0.3

Action                   |  1- 3 |  4- 6 |  7- 9 || total
-------------------------+-------+-------+-------++-------
Melee: Unarmed           |   103 |   152 |    36 ||   291
       Punch             |       |     1 |     1 ||     2
 Stab: Sleeping          |     1 |       |       ||     1
  Eat: Chunk             |    16 |     7 |     1 ||    24
Armor: Robe              |    42 |    49 |    12 ||   103
Dodge: Dodged            |    48 |    81 |    19 ||   148
